 Dungeon Crawl Stone Soup version 0.25.0-46-gbd7b0854d2 (webtiles) character file.

Game seed: 9384972810388463390

182 Elvor the Bolt Thrower (level 5, 0/45 HPs)
             Began as a Minotaur Hunter on July 14, 2020.
             Slain by Grinder (5 damage)
             ... while paralysed by Grinder
             ... on level 3 of the Dungeon.
             The game lasted 00:13:47 (1420 turns).

Elvor the Bolt Thrower (Minotaur Hunter)            Turns: 1420, Time: 00:13:48

Health: 0/45       AC:  3    Str: 17    XL:     5   Next: 34%
Magic:  4/4        EV:  2    Int:  8    God:
Gold:   110        SH:  0    Dex: 11    Spells: 4/4 levels left

rFire    . . .     SeeInvis .   m - +1 dagger (drain)
rCold    . . .     Gourm    .   (no shield)
rNeg     . . .     Faith    .   c - +0 leather armour
rPois    .         Spirit   .   (helmet restricted)
rElec    .         Reflect  .   (no cloak)
rCorr    .         Harm     .   (no gloves)
MR       .....                  (no boots)
Stlth    +.........             (no amulet)
HPRegen  0.15/turn              o - +4 ring of slaying
MPRegen  0.09/turn              (no ring)

@: paralysed
A: retaliatory headbutt, horns 2
a: no special abilities


You were on level 3 of the Dungeon.
You were not hungry.

You visited 1 branch of the dungeon, and saw 3 of its levels.

You collected 110 gold pieces.

Inventory:

Hand Weapons
 a - a +1 hand crossbow
 b - a +0 short sword
 m - a +1 dagger of draining (weapon)
 w - a +0 war axe
Missiles
 d - 6 bolts
 l - 35 poisoned darts (quivered)
Armour
 c - a +0 leather armour (worn)
 k - a +0 crystal plate armour
Jewellery
 o - a +4 ring of slaying (left hand)
Wands
 s - a wand of enslavement (5)
Scrolls
 h - a scroll of fear {unknown}
 j - 3 scrolls of identify {unknown}
 n - a scroll of magic mapping {unknown}
 p - a scroll of remove curse {unknown}
 r - 2 scrolls of amnesia {unknown}
 t - a scroll of immolation {unknown}
 u - 2 scrolls of fog {unknown}
Potions
 e - 2 potions of curing
 g - a potion of stabbing {unknown}
 q - a potion of berserk rage {unknown}
 v - 2 potions of ambrosia {unknown}
Comestibles
 f - 9 rations
 i - 8 chunks of flesh


   Skills:
 * Level 3.3 Fighting
 + Level 6.6 Crossbows
 + Level 1.6 Armour
 + Level 2.4 Dodging
 + Level 0.7 Stealth


You had 4 spell levels left.
You didn't know any spells.
Your spell library was empty.

Dungeon Overview and Level Annotations

Branches:
Dungeon (3/15)

Altars:
Vehumet

Annotations:
D:3 Grinder


Innate Abilities, Weirdness & Mutations

You reflexively headbutt those who attack you in melee.
You have a pair of horns on your head.


Message History

Grinder barely misses you.
You closely miss Grinder.
Grinder is moderately wounded.
Grinder gestures at you. Pain shoots through your body!
You closely miss Grinder.
Grinder is moderately wounded.
Grinder says, "FISH!"
Grinder blinks!
Grinder drinks a potion.
Grinder seems to grow stronger.
Grinder hits you.
You barely miss Grinder.
Grinder is moderately wounded.
Grinder gestures at you.
You suddenly lose the ability to move!
Grinder hits you!
You writhe in agony.
Grinder hits you!
* * * LOW HITPOINT WARNING * * *
You writhe in agony.
You die...

###......#...#..................
.......รท###.###.................
###......#...#..#############...
##........................#...
#....#...................#...
#....#.................).#...
#....#)####'############.#...
#(...#.#.............. #.#...
#....#.#...5@.%..(.... #.#...
#....#.#.............. #.#..(
#....#.#....(......... #)#...
#.#.....?........ #.#...
#.#.........$.(.( #.#... #..
#.#.............( #.#... #..
#.############+####.#... #...
#...................#... #...
#...................#...


You could see Grinder (strong).

Vanquished Creatures
  2 orc wizards (D:3)
  4 gnolls (D:2)
  2 adders (D:2)
  3 worms (D:2)
  2 dart slugs
  2 leopard geckos
  3 orcs (D:3)
  2 ball pythons (D:1)
  3 bats
  2 giant cockroaches
  8 goblins
  3 hobgoblins
  5 jackals
  4 frilled lizards
  2 kobolds
  8 rats
55 creatures vanquished.

Notes
Turn   | Place    | Note
-------+----------+-------------------------------------------
     0 | D:1      | Elvor the Minotaur Hunter began the quest for the Orb.
     0 | D:1      | Reached XP level 1. HP: 18/18 MP: 0/0
   262 | D:1      | Reached XP level 2. HP: 25/25 MP: 1/1
   487 | D:1      | Reached skill level 5 in Crossbows
   628 | D:2      | Reached XP level 3. HP: 31/31 MP: 2/2
   652 | D:2      | Reached XP level 4. HP: 32/38 MP: 3/3
   804 | D:2      | Reached skill level 6 in Crossbows
   872 | D:2      | Reached skill level 1 in Armour
  1285 | D:3      | Found a radiant altar of Vehumet.
  1365 | D:3      | Reached XP level 5. HP: 35/45 MP: 4/4
  1405 | D:3      | Noticed Grinder
  1418 | D:3      | Paralysed by Grinder for 5 turns
  1420 | D:3      | Slain by Grinder

Illustrated notes

Levels and vault maps discovered:
D:1:      wheals_arrival_linesprint, layout_basic
D:2:      layout_rooms
D:3:      layout_basic, vehumet_crystals, overflow_temple_1_default,
          lexackson_kobold_supper, uniq_grinder

Skill      XL: |  1  2  3  4 |
---------------+-------------+-----
Crossbows      | 5 6 |  6.6
Fighting       | 3 |  3.3
Armour         | 1 |  1.6
Dodging        | |  2.4
Stealth        | |  0.7

Action                   |  1- 3 |  4- 6 || total
-------------------------+-------+-------++-------
Melee: Dagger            |     3 |     6 ||     9
 Fire: Hand crossbow     |    46 |    57 ||   103
  Eat: Chunk             |       |     1 ||     1
Armor: Leather armour    |     1 |     4 ||     5
Dodge: Dodged            |     7 |     5 ||    12
